 Dungeon Crawl Stone Soup version 0.28-b1-70-g80dc712255 (webtiles) character file.

Game seed: 7595370793660579746

58 joshe the Digger (level 4, -10/25 HPs)
             Began as a Gargoyle Earth Elementalist on Feb 4, 2022.
             Mangled by an ogre (35 damage)
             ... on level 2 of the Dungeon.
             The game lasted 00:10:11 (1611 turns).

joshe the Digger (Gargoyle Earth Elementalist)      Turns: 1611, Time: 00:10:14

Health: -10/25     AC:  5    Str: 11    XL:     4   Next: 2%
Magic:  5/7        EV: 12    Int: 18    God:
Gold:   53         SH:  0    Dex: 10    Spells: 1/7 levels left

rFire   . . .      SeeInvis .   d - +0 dagger
rCold   . . .      Faith    .   (no shield)
rNeg    + . .      Spirit   .   b - +0 robe
rPois   ∞          Reflect  .   (no helmet)
rElec   +          Harm     .   (no cloak)
rCorr   .          Rampage  .   (no gloves)
Will    .....                   (no boots)
Stlth   ++........              (no amulet)
HPRegen 0.08/turn               (no ring)
MPRegen 0.10/turn               (no ring)

@: no status effects
A: sickness immunity, AC +3, negative energy resistance 1, electricity
resistance, torment resistance 1, petrification resistance
a: no special abilities


You were on level 2 of the Dungeon.
You visited 1 branch of the dungeon, and saw 2 of its levels.

You collected 108 gold pieces.
You spent 55 gold pieces at shops.

Inventory:

Hand Weapons
 d - a +0 dagger (weapon)
Missiles
 c - 42 stones
Armour
 b - a +0 robe (worn)
Scrolls
 a - a scroll of teleportation {unknown}
 f - 2 scrolls of identify {unknown}
 g - 4 scrolls of noise {unknown}
 h - a scroll of enchant weapon {unknown}
 i - 2 scrolls of holy word {unknown}
 k - a scroll of vulnerability {unknown}
Potions
 e - a potion of curing {unknown}
 j - a potion of heal wounds


   Skills:
 - Level 1.0 Fighting
 - Level 1.0 Armour
 - Level 2.0 Dodging
 - Level 2.1 Stealth
 - Level 2.0 Spellcasting
 + Level 2.0 Conjurations
 - Level 1.0 Transmutations
 - Level 4.2 Earth Magic


You had one spell level left.
You knew the following spells:

 Your Spells              Type           Power      Damage    Failure   Level
a - Sandblast             Erth           34%        2d9       3%          1
b - Passwall              Tmut/Erth      9%         N/A       10%         2
c - Stone Arrow           Conj/Erth      26%        3d8       14%         3

Your spell library contained the following spells:

 Spells                   Type           Power      Damage    Failure   Level
 Ensorcelled Hibernation  Hex/Ice        2%         N/A       26%         2
 Swiftness                Air            1%         N/A       47%         3
 Petrify                  Tmut/Erth      11%        N/A       52%         4


Dungeon Overview and Level Annotations

Branches:
Dungeon (2/15)

Altars:
Ashenzari

Shops:
D:1 !


Innate Abilities, Weirdness & Mutations

You are immune to sickness and miasma.
Your stone body is resilient. (AC +3)
You are immune to poison.
You resist negative energy. (rN+)
You are resistant to electric shocks. (rElec)
You are resistant to unholy torment.
You are immune to petrification.


Message History

Found a faded altar of an unknown god.
g - 4 scrolls labelled LEMEDGH BUOGO (gained 1)
A worm comes into view.
The blast of sand misses the worm.
The blast of sand hits the worm.
The worm is moderately wounded.
The blast of sand hits the worm.
The worm is heavily wounded.
You miscast Sandblast.
You are very lightly contaminated with residual magic.
Nothing appears to happen.
The blast of sand hits the worm!
The worm is almost dead.
The blast of sand hits the worm.
You kill the worm!
Training target 2.0 for Conjurations reached!
Your Conjurations skill increases to level 2!
You need to enable at least one skill for training.
You have reached level 4!
You feel clever.
Okay, then.
Casting: Sandblast (safe; 3% risk of failure)
Confirm with . or Enter, or press ? or * to list all spells.
Okay, then.
You start resting.
Your magical contamination has completely faded away.
You see here a worm corpse.
Magic restored.
An ogre and a ball python come into view.
The ogre shouts!
You hear an angry hiss.
Casting: Sandblast (safe; 3% risk of failure)
Confirm with . or Enter, or press ? or * to list all spells.
Aiming: Passwall (safe; 10% risk of failure)
Press: ? - help, Dir - move target A rock wall.
The ogre misses you.
You begin to meditate on the wall.
You continue meditating on the rock. x2
The ogre hits you with a +0 giant spiked club!!
Ouch! That really hurt!
You die...

#.#...##.....# #...#####.###.
##.#..##############.............
##.#.# #........#...####### ###.#
#.#####.......# #.# ###........
#.########.###.......... #
#....................... ##
#..#############........ .#
#...#...#.#.@.#......... #
#...#.#.#P#.#O#........# ###
#....P............#...## ..#
##..#.#.#.#.#.#..###.##
#.####..#...#_#...#..###.###
........#.#.#.#.#.#.........
..###....P.P..†.......##.##
........#.#.#.#.#.#...#
#.###...#...#.#...#...#


You could see an ogre.

Vanquished Creatures
  3 adders (D:2)
  A worm (D:2)
  An orc (D:2)
  A bat (D:1)
  3 endoplasms
  2 giant cockroaches (D:1)
  3 goblins (D:1)
  3 hobgoblins
  4 kobolds
  A ball python (D:2)
  3 frilled lizards
  A rat (D:1)
26 creatures vanquished.

Vanquished Creatures (others)
  4 fungi (D:2)
  4 plants (D:2)
8 creatures vanquished.

Grand Total: 34 creatures vanquished

Notes
Turn   | Place    | Note
-------+----------+-------------------------------------------
     0 | D:1      | joshe the Gargoyle Earth Elementalist began the quest for
                  | the Orb.
     0 | D:1      | Reached XP level 1. HP: 10/10 MP: 3/3
   274 | D:1      | Reached skill level 1 in Transmutations
   375 | D:1      | Reached skill level 4 in Earth Magic
   375 | D:1      | Reached XP level 2. HP: 15/15 MP: 3/5
   782 | D:1      | Found Huyskomi's Distillery.
   791 | D:1      | Bought a potion of heal wounds for 55 gold pieces
   927 | D:2      | Found a broken altar of Ashenzari.
   943 | D:2      | Reached skill level 1 in Fighting
   943 | D:2      | Reached skill level 1 in Armour
   943 | D:2      | Reached XP level 3. HP: 20/20 MP: 3/6
  1047 | D:2      | Noticed an ogre
  1073 | D:2      | Learned a level 3 spell: Stone Arrow
  1117 | D:2      | Learned a level 2 spell: Passwall
  1158 | D:2      | Reached skill level 1 in Conjurations
  1516 | D:2      | Found a faded altar of an unknown god.
  1534 | D:2      | Reached XP level 4. HP: 25/25 MP: 1/7
  1611 | D:2      | Mangled by an ogre

Illustrated notes

Levels and vault maps discovered:
D:1:      lightli_arrival_statuegarden, layout_loops_ring, serial_shops,
          nicolae_shop_competitors_out_of_business, minmay_ruptured
D:2:      layout_loops_ring, shapermc_ecumenical_altar_mp_urbaneastern,
          basic_altar

Skill      XL: |  1  2  3 |
---------------+----------+-----
Transmutations | 1 |  1.0
Earth Magic    | 4 |  4.2
Dodging        | 2 |  2.0
Fighting       | 1 |  1.0
Armour         | 1 |  1.0
Conjurations   | 2 |  2.0
Stealth        | |  2.1
Spellcasting   | |  2.0

Action                   |  1- 3 |  4- 6 || total
-------------------------+-------+-------++-------
Melee: Dagger            |    32 |       ||    32
       Unarmed           |     1 |       ||     1
       Punch             |     1 |       ||     1
 Cast: Sandblast         |    33 |       ||    33
       Passwall          |       |     1 ||     1
 Stab: Sleeping          |     2 |       ||     2
Armor: Robe              |     7 |       ||     7
Dodge: Dodged            |    25 |     1 ||    26
